PCL
DISTRICT 9 PRAWNS @ MILE HIGH BRONCOS
09/20/2030
 
TOP OF THE 1ST
District 9 Prawns batting - Pitching for Mile High Broncos : RHP Manny Pérez
Pitching: RHP Manny Pérez
Batting: SHB David Boyle 0-0: Ball
1-0: Ball
2-0: Called Strike
2-1: Foul Ball, location: 2F
2-2: Ball
3-2: Fly out, F9 (Line Drive, 9)
Batting: SHB Chris Barrett 0-0: SOLO HOME RUN (Line Drive, 89XD), Distance : 397 ft
Batting: LHB Terry Simpson 0-0: Ground out 4-3 (Groundball, 4)
Batting: LHB Mike Davis 0-0: Foul Ball, location: 2F
0-1: Ball
1-1: Foul Ball, location: 2F
1-2: Ball
2-2: Foul Ball, location: 2F
2-2: Fly out, F5 (Popup, 56S)
Top of the 1st over - 1 run, 1 hit, 0 errors, 0 left on base; District 9 1 - Mile High 0
BOTTOM OF THE 1ST
Mile High Broncos batting - Pitching for District 9 Prawns : RHP Isaac Pope
Pitching: RHP Isaac Pope
Batting: LHB Don Hull 0-0: Foul Ball, location: 2F
0-1: Foul Ball, location: 2F
0-2: Ball
1-2: Ground out 6-3 (Groundball, 6)
Batting: SHB Michael Field 0-0: Ball
1-0: Ball
2-0: Called Strike
2-1: Ball
3-1: Called Strike
3-2: SINGLE (Line Drive, 78S)
Batting: RHB Rodney González 0-0: Swinging Strike
0-1: Called Strike
0-2: Foul Ball, location: 2F
0-2: Foul Ball, location: 2F
0-2: Fielders Choice at 2nd, 4-6 (Groundball, 34)
Batting: RHB António Martínez 0-0: Ball
1-0: Called Strike
1-1: Foul Ball, location: 2F
1-2: Strikes out swinging
Bottom of the 1st over - 0 runs, 1 hit, 0 errors, 1 left on base; District 9 1 - Mile High 0
TOP OF THE 2ND
District 9 Prawns batting - Pitching for Mile High Broncos : RHP Manny Pérez
Batting: RHB José Colón 0-0: Called Strike
0-1: Ball
1-1: Ground out 6-3 (Groundball, 6)
Batting: LHB Manuel Cardenas 0-0: Foul Ball, location: 2F
0-1: Ground out 6-3 (Groundball, 6M)
Batting: LHB António Romo 0-0: Called Strike
0-1: Ball
1-1: Called Strike
1-2: Strikes out swinging
Top of the 2nd over - 0 runs, 0 hits, 0 errors, 0 left on base; District 9 1 - Mile High 0
BOTTOM OF THE 2ND
Mile High Broncos batting - Pitching for District 9 Prawns : RHP Isaac Pope
Batting: RHB Edward Williams 0-0: Ground out 6-3 (Groundball, 6M)
Batting: RHB Evan Robinson 0-0: Called Strike
0-1: Foul Ball, location: 2F
0-2: Foul Ball, location: 2F
0-2: Ball
1-2: Ball
2-2: Ground out U3 (Groundball, 3S)
Batting: RHB Tim Hanson 0-0: Called Strike
0-1: Foul Ball, location: 2F
0-2: Fly out, F9 (Flyball, 9S)
Bottom of the 2nd over - 0 runs, 0 hits, 0 errors, 0 left on base; District 9 1 - Mile High 0
TOP OF THE 3RD
District 9 Prawns batting - Pitching for Mile High Broncos : RHP Manny Pérez
Batting: LHB Al Bartlett 0-0: Ball
1-0: Called Strike
1-1: Ground out 1-3 (Groundball, P)
Batting: RHB Alfredo Rangel 0-0: Ball
1-0: SINGLE (Line Drive, 8LS)
Batting: SHB David Boyle 0-0: Ball
1-0: SINGLE (Line Drive, 56)
Alfredo Rangel to second
Batting: SHB Chris Barrett 0-0: Ball
1-0: Called Strike
1-1: Ball
2-1: Foul Ball, location: 2F
2-2: Strikes out swinging
Batting: LHB Terry Simpson 0-0: Ball
1-0: Ball
2-0: Ball
3-0: Base on Balls
Alfredo Rangel to third
David Boyle to second
Batting: LHB Mike Davis 0-0: Ball
1-0: Called Strike
1-1: Swinging Strike
1-2: Foul Ball, location: 2F
1-2: Ball
2-2: Ball
3-2: Base on Balls
Alfredo Rangel scores
David Boyle to third
Terry Simpson to second
Batting: RHB José Colón 0-0: Foul Ball, location: 2F
0-1: Ball
1-1: Ball
2-1: Foul Ball, location: 2F
2-2: SINGLE (Line Drive, 6D)
David Boyle scores
Terry Simpson to third
Mike Davis to second
Runner from 3rd tries for Home, SAFE, no throw
Batting: LHB Manuel Cardenas 0-0: Ball
1-0: Foul Ball, location: 2F
1-1: Swinging Strike
1-2: Ball
2-2: Strikes out swinging
Top of the 3rd over - 3 runs, 3 hits, 0 errors, 2 left on base; District 9 4 - Mile High 0
BOTTOM OF THE 3RD
Mile High Broncos batting - Pitching for District 9 Prawns : RHP Isaac Pope
Batting: SHB Ben Marks 0-0: Ball
1-0: Reached on error, E5 (Groundball, 5S)
Batting: SHB Paco Martínez 0-0: Ball
Ben Marks is caught stealing 2nd base
1-0: Fly out, F7 (Flyball, 7LSF)
Batting: LHB Don Hull 0-0: Called Strike
0-1: Foul Ball, location: 2F
0-2: Ball
1-2: Ball
2-2: SINGLE (Groundball, 34D)
Batting: SHB Michael Field 0-0: Called Strike
0-1: Ball
1-1: Fly out, F9 (Flyball, 89S)
Bottom of the 3rd over - 0 runs, 1 hit, 1 error, 1 left on base; District 9 4 - Mile High 0
TOP OF THE 4TH
District 9 Prawns batting - Pitching for Mile High Broncos : RHP Manny Pérez
Batting: LHB António Romo 0-0: Called Strike
0-1: Ball
1-1: Foul Ball, location: 2F
1-2: Strikes out swinging
Batting: LHB Al Bartlett 0-0: Ball
1-0: Ball
2-0: Foul Ball, location: 2F
2-1: Ball
3-1: Ground out 3-1 (Groundball, 34)
Batting: RHB Alfredo Rangel 0-0: Called Strike
0-1: Ball
1-1: Ball
2-1: Called Strike
2-2: SINGLE (Flyball, 78S)
Batting: SHB David Boyle 0-0: Called Strike
0-1: Ball
1-1: Fly out, F8 (Flyball, 8LM)
Top of the 4th over - 0 runs, 1 hit, 0 errors, 1 left on base; District 9 4 - Mile High 0
BOTTOM OF THE 4TH
Mile High Broncos batting - Pitching for District 9 Prawns : RHP Isaac Pope
Batting: RHB Rodney González 0-0: Ball
1-0: Called Strike
1-1: Ball
2-1: Ball
3-1: Swinging Strike
3-2: Base on Balls
Batting: RHB António Martínez 0-0: Ball
1-0: Ball
2-0: Ball
3-0: Called Strike
3-1: Called Strike
3-2: Foul Ball, location: 2F
3-2: Foul Ball, location: 2F
3-2: Strikes out looking
Batting: RHB Edward Williams 0-0: Ball
1-0: Swinging Strike
1-1: Foul Ball, location: 2F
1-2: Ball
2-2: Foul Ball, location: 2F
2-2: Ball
3-2: Foul Ball, location: 2F
3-2: Foul Ball, location: 2F
3-2: Strikes out looking
Rodney González is caught stealing 2nd base
Batter strikes out.
Bottom of the 4th over - 0 runs, 0 hits, 0 errors, 0 left on base; District 9 4 - Mile High 0
TOP OF THE 5TH
District 9 Prawns batting - Pitching for Mile High Broncos : RHP Manny Pérez
Batting: SHB Chris Barrett 0-0: Ball
1-0: Swinging Strike
1-1: Swinging Strike
1-2: Foul Ball, location: 2F
1-2: Strikes out swinging
Batting: LHB Terry Simpson 0-0: Called Strike
0-1: Ball
1-1: Foul Ball, location: 2F
1-2: Strikes out swinging
Batting: LHB Mike Davis 0-0: Foul Ball, location: 2F
0-1: Foul Ball, location: 2F
0-2: Foul Ball, location: 2F
0-2: Ball
1-2: Ball
2-2: Ball
3-2: DOUBLE (Line Drive, 7LM)
Pitching: RHP José García
Batting: RHB José Colón 0-0: Ball
1-0: Called Strike
1-1: Ball
2-1: Foul Ball, location: 2F
2-2: Strikes out swinging
Top of the 5th over - 0 runs, 1 hit, 0 errors, 1 left on base; District 9 4 - Mile High 0
BOTTOM OF THE 5TH
Mile High Broncos batting - Pitching for District 9 Prawns : RHP Isaac Pope
Batting: RHB Evan Robinson 0-0: Foul Ball, location: 2F
0-1: Ball
1-1: SOLO HOME RUN (Flyball, 7LD), Distance : 373 ft
Batting: RHB Tim Hanson 0-0: Called Strike
0-1: Ball
1-1: Ball
2-1: Ball
3-1: Foul Ball, location: 2F
3-2: Foul Ball, location: 2F
3-2: DOUBLE (Flyball, 78D)
Batting: SHB Ben Marks 0-0: Ball
1-0: Ground out 5-3 (Groundball, 56)
Batting: SHB Paco Martínez 0-0: Ball
1-0: Fly out, F7 (Line Drive, 7)
Batting: LHB Don Hull 0-0: Called Strike
0-1: Ball
1-1: Ball
2-1: Ground out 4-3 (Groundball, 4)
Bottom of the 5th over - 1 run, 2 hits, 0 errors, 1 left on base; District 9 4 - Mile High 1
TOP OF THE 6TH
District 9 Prawns batting - Pitching for Mile High Broncos : RHP José García
Batting: LHB Manuel Cardenas 0-0: Foul Ball, location: 2F
0-1: Foul Ball, location: 2F
0-2: Fly out, F8 (Line Drive, 8RD)
Batting: LHB António Romo 0-0: Called Strike
0-1: Fly out, F1 (Popup, P)
Batting: LHB Al Bartlett 0-0: Called Strike
0-1: Foul Ball, location: 2F
0-2: Ball
1-2: Strikes out swinging
Top of the 6th over - 0 runs, 0 hits, 0 errors, 0 left on base; District 9 4 - Mile High 1
BOTTOM OF THE 6TH
Mile High Broncos batting - Pitching for District 9 Prawns : RHP Isaac Pope
Batting: SHB Michael Field 0-0: Ball
1-0: Called Strike
1-1: Ball
2-1: SINGLE (Groundball, 4MD)
Batting: RHB Rodney González 0-0: Foul Ball, location: 2F
0-1: Swinging Strike
0-2: Strikes out looking and he ARGUES THE CALL AND IS TOSSED!
Batting: RHB António Martínez 0-0: Ball
1-0: Ball
2-0: Ball
3-0: Called Strike
3-1: Base on Balls
Michael Field to second
Batting: RHB Edward Williams 0-0: Foul Ball, location: 2F
0-1: Ball
1-1: Called Strike
1-2: Ball
2-2: Foul Ball, location: 2F
2-2: Ball
3-2: Foul Ball, location: 2F
3-2: Base on Balls
Michael Field to third
António Martínez to second
Batting: RHB Evan Robinson 0-0: SINGLE (Groundball, 6MD)
Michael Field scores
António Martínez to third
Edward Williams to second
Runner from 3rd tries for Home, SAFE, no throw
Pitching: RHP Fernando Mendoza
Batting: RHB Tim Hanson 0-0: Called Strike
0-1: Foul Ball, location: 2F
0-2: Ball
1-2: Strikes out swinging
Batting: SHB Ben Marks 0-0: Foul Ball, location: 2F
0-1: Ground out 4-3 (Groundball, 4)
Bottom of the 6th over - 2 runs, 2 hits, 0 errors, 2 left on base; District 9 4 - Mile High 3
TOP OF THE 7TH
District 9 Prawns batting - Pitching for Mile High Broncos : RHP José García
Now at 2B: Keith Shaffer
Batting: RHB Alfredo Rangel 0-0: Called Strike
0-1: Fly out, F3 (Popup, 3)
Batting: SHB David Boyle 0-0: Called Strike
0-1: Foul Ball, location: 2F
0-2: Ball
1-2: Strikes out swinging
Batting: SHB Chris Barrett 0-0: Swinging Strike
0-1: Ball
1-1: Swinging Strike
1-2: Strikes out swinging
Top of the 7th over - 0 runs, 0 hits, 0 errors, 0 left on base; District 9 4 - Mile High 3
BOTTOM OF THE 7TH
Mile High Broncos batting - Pitching for District 9 Prawns : RHP Fernando Mendoza
Batting: SHB Paco Martínez 0-0: Ball
1-0: Foul Ball, location: 2F
1-1: Ball
2-1: Ball
3-1: Swinging Strike
3-2: Base on Balls
Pinch Hitting: LHB Mark Everett 0-0: Called Strike
0-1: SINGLE (Line Drive, 34D)
Paco Martínez to second
Batting: SHB Michael Field 0-0: Bunted foul
0-1: Bunted foul
0-2: Ball
1-2: Ball
2-2: Ball
3-2: Foul Ball, location: 2F
3-2: Strikes out swinging
Batting: SHB Keith Shaffer 0-0: Called Strike
0-1: Ball
1-1: Grounds into double play, 5-4-3 (Groundball, 56)
Bottom of the 7th over - 0 runs, 1 hit, 0 errors, 1 left on base; District 9 4 - Mile High 3
TOP OF THE 8TH
District 9 Prawns batting - Pitching for Mile High Broncos : RHP José García
Now in CF: Luis Ramos
Batting: LHB Terry Simpson 0-0: Called Strike
0-1: Ball
1-1: Foul Ball, location: 2F
1-2: Ground out 4-3 (Groundball, 4)
Batting: LHB Mike Davis 0-0: Ball
1-0: Foul Ball, location: 2F
1-1: Ball
2-1: Ball
3-1: Ground out 5-3 (Groundball, 5)
Batting: RHB José Colón 0-0: Swinging Strike
0-1: Swinging Strike
0-2: Strikes out looking
Top of the 8th over - 0 runs, 0 hits, 0 errors, 0 left on base; District 9 4 - Mile High 3
BOTTOM OF THE 8TH
Mile High Broncos batting - Pitching for District 9 Prawns : RHP Fernando Mendoza
Now at SS: Jeff Doss
Now in LF: Donnie Cunningham
Batting: RHB António Martínez 0-0: Ball
1-0: Ball
2-0: Ball
3-0: SINGLE (Line Drive, 56D)
Batting: RHB Edward Williams 0-0: Called Strike
0-1: Ball
1-1: Called Strike
1-2: Ball
2-2: Grounds into double play, 6-4-3 (Groundball, 6)
Batting: RHB Evan Robinson 0-0: Called Strike
0-1: Fly out, F8 (Flyball, 8LXD)
Bottom of the 8th over - 0 runs, 1 hit, 0 errors, 0 left on base; District 9 4 - Mile High 3
TOP OF THE 9TH
District 9 Prawns batting - Pitching for Mile High Broncos : RHP José García
Pitching: LHP Juan Garza
Batting: LHB Manuel Cardenas 0-0: Ball
1-0: Called Strike
1-1: SINGLE (Flyball, 78S)
Pinch Hitting: RHB Brady McIntyre 0-0: Called Strike
0-1: Foul Ball, location: 2F
0-2: Strikes out swinging
Batting: LHB Al Bartlett 0-0: Grounds into double play, 4-6-3 (Groundball, 34)
Top of the 9th over - 0 runs, 1 hit, 0 errors, 0 left on base; District 9 4 - Mile High 3
BOTTOM OF THE 9TH
Mile High Broncos batting - Pitching for District 9 Prawns : RHP Fernando Mendoza
Now at C: Edgardo Carrasco
Batting: RHB Tim Hanson 0-0: Foul Ball, location: 2F
0-1: Foul Ball, location: 2F
0-2: Ball
1-2: Ground out 6-3 (Groundball, 6)
Batting: SHB Ben Marks 0-0: Called Strike
0-1: Called Strike
0-2: Strikes out swinging, 2-3 out at first.
Batting: SHB Paco Martínez 0-0: SINGLE (Line Drive, 9LM)
Pinch Hitting: LHB Tony Báez 0-0: Ball
1-0: Ball
2-0: Ball
3-0: Base on Balls
Paco Martínez to second
Batting: SHB Michael Field 0-0: Called Strike
0-1: Ball
1-1: Foul Ball, location: 2F
1-2: Strikes out looking
Bottom of the 9th over - 0 runs, 1 hit, 0 errors, 2 left on base; District 9 4 - Mile High 3
Saturday, April 7th, 2018 - OOTP Baseball 18.8 Build 76